Description

General Zerg Build for new patch

Build Order

Get SALT Encoding   

  12  00:32  Overlord  
  12  00:39  Extractor  Extractor Trick
  15  01:13  Hatchery  
  16  01:37  Spawning Pool  
  18  01:53  Extractor  
  19  02:07  Overlord  
  23  02:25  Queen x2, Zergling x2  Right after pool finishes
  30  02:50  Metabolic Boost  At 100 gas, pull off gas and do ling speed
  30  02:55  Overlord  
  32  03:14  Hatchery  
  34  03:23  Overlord  
  34  03:28  Queen  
Spawning Tool Build Advisor. Get it on Overwolf

Go to:

Details

  • Created by: alienk
  • Published on: Jul 27, 2026
  • Modified on: Jul 27, 2026
  • Patch: 5.0.16
  • Difficulty: Easy
Show
View Real Time Build Order
Export as new Build Order

Comments (0)

There are no comments. Be the first!

Create an account to comment!